 Dungeon Crawl Stone Soup version 0.21.1-1-g345015f (webtiles) character file.

117175 letownia2 the Impaler (level 16, -1/130 HPs)
             Began as a Merfolk Skald on Mar 16, 2018.
             Was the Champion of Cheibriados.
             Slain by Polyphemus (24 damage)
             ... on level 4 of the Shoals.
             The game lasted 01:33:11 (12002 turns).

letownia2 the Impaler (Merfolk Skald)              Turns: 12002, Time: 01:33:12

Health: -1/130     AC: 16    Str: 29    XL:     16   Next: 73%
Magic:  33/41      EV: 33    Int: 29    God:    Cheibriados [******]
Gold:   1275       SH:  0    Dex: 31    Spells: 27/39 levels left

rFire    x x .     SeeInvis .   a - +3 glaive (venom)
rCold    + + +     Gourm    .   (shield currently unavailable)
rNeg     . . .     Faith    .   B - +0 ice dragon scales
rPois    +         Spirit   .   P - +1 helmet
rElec    .         Reflect  .   X - +2 cloak {rPois}
rCorr    .         Harm     .   (no gloves)
MR       +....                  (boots currently unavailable)
Stlth    ++........             (no amulet)
HPRegen  0.31/turn              O - ring of ice
MPRegen  0.27/turn              N - ring of magical power

@: mesmerised, very slightly contaminated, invisible, very slow
A: change form in water, swift swim, stealthy swim
a: Bend Time, Temporal Distortion, Slouch, Step From Time, Renounce Religion


You were on level 4 of the Shoals.
You worshipped Cheibriados.
Cheibriados was exalted by your worship.
You were hungry.

You visited 5 branches of the dungeon, and saw 26 of its levels.
You also visited: Labyrinth, Ossuary and Volcano.

You collected 2012 gold pieces.
You spent 737 gold pieces at shops.

Inventory:

Hand Weapons
 a - a +3 glaive of venom (weapon)
 b - a +2 glaive of protection
 d - the +4 dire flail "Widowmaker" {drain, rF- MR++ Str+4}
   (You found it in a labyrinth)

   A truly terrible weapon, it drains the life of those it strikes.
   It affects your strength (+4).
   It makes you vulnerable to fire.
   It affects your resistance to hostile enchantments.
 t - the +1 hand crossbow "Osukah" {penet, +Inv rPois rN+}
   (You found it on level 4 of the Shoals)

   Ammo fired by it will pass through the targets it hits, potentially hitting
   all targets in its path until it reaches maximum range.
   It protects you from poison.
   It protects you from negative energy.
   It lets you turn invisible.
 Y - the +3 flail "Fuaddeng" {venom, rF+ rC+ Int+2}
   (You found it in a labyrinth)

   It poisons the flesh of those it strikes.
   It affects your intelligence (+2).
   It protects you from fire.
   It protects you from cold.
Missiles
 k - 5 throwing nets (quivered)
 D - 12 poisoned javelins
Armour
 B - +0 ice dragon scales (worn)
 F - a +2 chain mail of fire resistance
 K - the +3 chain mail "Jism" {rElec MP+9 Int-5}
   (You found it in a labyrinth)

   It affects your intelligence (-5).
   It insulates you from electricity.
   It affects your magic capacity (+9).
 P - a +1 helmet (worn)
 Q - a +0 pair of boots (melded)
 V - the +1 buckler "Jeigerghio" {Regen+ Str+8 Stlth-}
   (You took it off a merfolk on level 4 of the Shoals)

   It affects your strength (+8).
   It increases your rate of regeneration.
   It makes you less stealthy.
 X - a +2 cloak of poison resistance (worn)
Magical Staves
 f - an uncursed staff of wizardry
Jewellery
 m - an uncursed ring of positive energy
 o - a +3 ring of strength
 N - a ring of magical power (right hand)
 O - a ring of ice (left hand)
Wands
 e - a wand of digging (21)
 i - a wand of polymorph (16)
 y - a wand of flame (32)
 J - a wand of disintegration (22)
 S - a wand of acid (1)
 W - a wand of iceblast (23)
Scrolls
 c - 2 scrolls of identify
 j - 6 scrolls of teleportation
 l - 2 scrolls of fog
 q - 7 scrolls of remove curse
 u - 2 scrolls of blinking
 x - 4 scrolls of magic mapping
 C - a scroll of immolation
 E - a scroll of summoning
 U - 2 scrolls of enchant armour
 Z - 6 scrolls of enchant weapon
Potions
 n - 2 potions of curing
 p - 6 potions of lignification
 r - a potion of brilliance
 v - 5 potions of flight
 z - 5 potions of mutation
 A - 4 potions of heal wounds
 I - a potion of magic
 L - 2 potions of might
 M - 2 potions of resistance
 T - a potion of agility
Books
 h - a book of Enchantments

   Spells                             Type                      Level
   a - Cause Fear                     Hexes                        4
   b - Yara's Violent Unravelling     Hexes/Transmutation          5
   c - Silence                        Hexes/Air                    5
   d - Deflect Missiles               Charms/Air                   6
   e - Discord                        Hexes                        8
Miscellaneous
 g - a fan of gales
 G - a lamp of fire (inert)
 H - a lightning rod (4/4)
 R - a phial of floods
Comestibles
 s - 16 rations


   Skills:
 + Level 13.1 Fighting
 - Level 20.0 Polearms
 - Level 4.3 Armour
 + Level 15.4 Dodging
 - Level 12.1 Spellcasting
 - Level 2.0 Hexes
 - Level 9.3 Charms
 - Level 2.8 Necromancy
 - Level 1.2 Translocations
 - Level 10.0 Invocations


You had 27 spell levels left.
You knew the following spells:

 Your Spells              Type           Power        Failure   Level  Hunger
a - Infusion              Chrm           ####         1%          1    None
g - Regeneration          Chrm/Necr      ######....   1%          3    None
k - Animate Skeleton      Necr           N/A          2%          1    None
l - Song of Slaying       Chrm           ######..     1%          2    None
t - Shroud of Golubria    Chrm/Tloc      #####.....   1%          2    None
x - Spectral Weapon       Hex/Chrm       ######..     1%          3    None


Dungeon Overview and Level Annotations

Branches:
Dungeon (15/15)            Temple (1/1) D:4            Lair (4/6) D:10
 Shoals (4/4) Lair:4        Snake (0/4) Lair:3          Orc (2/2) D:11
    Elf (0/3) Orc:2        Vaults (0/5) D:13
 Depths: D:15

Altars:
Ashenzari
Cheibriados
Dithmenos
Elyvilon
Fedhas
Gozag
Hepliaklqana
Kikubaaqudgha
Makhleb
Nemelex Xobeh
Okawaru
Qazlal
Ru
Sif Muna
Trog
Uskayaw
Vehumet
Wu Jian
Xom
Yredelemnul
Zin
The Shining One
Beogh

Shops:
D:4 *   D:14 ?   Orc:2 ??:(   Shoals:1 =[![=

Annotations:
D:4 bmj180's ghost, amateur MiFi
Shoals:4 Ilsuiw; Polyphemus


Message History

You are very lightly contaminated with residual magic.
Unknown command.
Unknown command.
Unknown command.
You hit the catoblepas but do no damage.
The catoblepas is heavily wounded.
The water elemental is engulfed in calcifying dust.
The water elemental completely misses you.
Polyphemus completely misses you. Polyphemus hits you but does no damage.
The merfolk siren closely misses you.
The water elemental is engulfed in calcifying dust.
Unknown command.
Unknown command.
You hit the catoblepas.
The catoblepas is heavily wounded.
The catoblepas gores you!!
* * * LOW HITPOINT WARNING * * *
The faun barely misses you. The water elemental misses you.
Polyphemus hits you!!
You die...

≈≈≈≈≈≈≈....(.....≈≈
≈P≈
≈≈≈≈≈≈≈≈...###...≈≈≈≈
≈P≈
≈≈≈≈≈≈..≈.)###.≈.≈≈≈≈
.≈P
≈≈≈≈≈≈.≈≈..#.≈≈≈≈≈≈≈
...
≈≈≈≈≈≈≈≈≈....≈≈≈≈≈≈≈
...
≈≈≈≈≈≈≈≈≈.(≈≈≈≈≈≈≈≈≈
...
≈≈≈≈≈≈≈≈≈≈§(≈≈≈≈≈≈≈≈
...
≈≈≈≈≈≈≈≈≈≈≈≈E†≈≈≈≈≈≈
...
≈≈≈≈≈≈≈≈.≈Y@Ec≈≈≈≈≈≈
...
≈≈≈≈≈≈≈≈≈≈≈EC{.≈≈≈≈≈
P#.
≈≈≈≈≈≈≈≈≈≈≈m..Y.≈≈≈≈
#P
≈≈≈≈≈≈≈≈≈≈≈...Y.≈≈≈≈
#P
≈≈≈≈≈≈≈≈≈≈≈<........


YmP ≈≈≈≈≈≈≈≈≈≈≈....Y).. cm. ≈≈≈≈≈≈≈≈≈.....≈≈≈≈ Ycc ≈≈≈≈≈≈≈......≈≈≈P
≈≈≈≈≈.........≈ You could see Polyphemus, 3 death yaks, a catoblepas, a faun, 3
water elementals and a merfolk siren.

Vanquished Creatures
  Bai Suzhen (Shoals:3)
  Nikola (Shoals:3)
  Rupert (D:15)
  Frances (D:14)
  Kirke (D:15)
  An orc warlord (D:11)
  The ghost of Agrougrou the Basher, a journeyman OgSk of Okawaru (D:14)
  Snorg (D:11)
  4 merfolk javelineers (Shoals:4)
  Josephine (Orc:1)
  5 merfolk impalers
  A minotaur (Lab)
  A fire dragon (D:15)
  Harold (Orc:1)
  Erolcha (D:12)
  An ice dragon (D:15)
  A merfolk avatar (Shoals:4)
  Erica (Orc:1)
  A death yak (Lair:2)
  2 dancing weapons (D:13)
  7 merfolk aquamancers
  The ghost of Xelenos the Spear-Bearer, a journeyman TeSk of Okawaru (D:11)
  4 ogre magi
  9 two-headed ogres
  Urug (D:10)
  An orc high priest (Orc:2)
  Nergalle (D:11)
  A sixfirhy (D:14)
  A hell knight (Volcano)
  3 skeletal warriors
  An unseen horror (D:12)
  6 sea snakes
  A lindwurm (Lair:3)
  An orc knight (Orc:2)
  The ghost of
  1994 the Charmwright, a novice GnSk (D:5)
  An oklob plant (Lair:1)
  17 harpies
  An ugly thing (D:11)
  7 orc sorcerers (Orc:2)
  3 cyclopes
  10 fauns
  A deep elf mage (D:15)
  11 manticores
  7 merfolk sirens
  A water nymph (Shoals:2)
  A torpor snail (Lair:2)
  A black mamba (Lair:4)
  A centaur skeleton (D:14)
  2 spiny frogs (Lair:4)
  3 rime drakes (Shoals:3)
  An efreet (D:14)
  A kobold demonologist (D:14)
  A freezing wraith (D:15)
  9 komodo dragons
  11 trolls
  8 wind drakes
  22 merfolk
  4 blink frogs (Lair:2)
  6 dream sheep
  A meliai zombie (D:15)
  13 snapping turtles
  A slime creature (D:12)
  12 hippogriffs
  2 vampires
  2 shadows
  3 wraiths (Orc:1)
  15 water elementals
  3 basilisks
  22 yaks
  Grum (D:8)
  A human (shapeshifter) (D:14)
  5 hogs (D:15)
  2 steam dragons
  7 hungry ghosts
  2 vampire mosquitoes (D:12)
  8 nagas (Lair:3)
  5 wargs
  4 porcupines
  9 water moccasins
  29 orc warriors
  4 sky beasts
  An eye of draining (D:14)
  A phantom (D:9)
  2 ice beasts (D:11)
  A black bear (D:9)
  3 wolves (D:8)
  7 ogres
  8 centaurs
  4 crocodiles
  3 big kobolds
  8 bullfrogs
  A wyvern skeleton (D:14)
  3 scorpions (D:5)
  A water moccasin skeleton (D:12)
  10 killer bees
  A howler monkey (D:6)
  3 crimson imps
  2 quasits
  5 hounds
  A human zombie (Ossuary)
  Crazy Yiuf (D:7)
  3 centaur zombies
  A jelly (D:11)
  22 orc priests
  3 bullfrog skeletons
  28 orc wizards
  An iguana (D:4)
  10 worker ants
  A big kobold zombie (Ossuary)
  4 ogre zombies (Ossuary)
  2 hound zombies
  7 mummies (Ossuary)
  2 worker ant zombies
  A howler monkey zombie (D:11)
  8 adders
  A shadow imp (D:10)
  3 adder zombies
  4 worms
  2 leopard geckos
  100 orcs
  2 ball pythons
  4 giant cockroaches
  2 goblins (D:2)
  4 hobgoblins
  4 jackals (D:7)
  2 quokkas
  3 bats
  2 frilled lizards
  3 goblin zombies (Ossuary)
  2 hobgoblin zombies (Ossuary)
  12 kobolds
  5 kobold zombies (Ossuary)
  2 quokka zombies (Ossuary)
  A rat (D:1)
  3 rat zombies (Ossuary)
  A fungus (D:7)
  A plant (Shoals:4)
  A spectral weapon (Shoals:3)
671 creatures vanquished.

Vanquished Creatures (others)
  A merfolk (Shoals:3)
  2 humans (D:15)
  2 orcs
  A fungus (Lair:2)
  55 plants (Shoals:4)
  17 spectral weapons
78 creatures vanquished.

Grand Total: 749 creatures vanquished

Notes
Turn   | Place    | Note
-------+----------+-------------------------------------------
     0 | D:1      | letownia2 the Merfolk Skald began the quest for the Orb.
     0 | D:1      | Reached XP level 1. HP: 16/16 MP: 3/3
   324 | D:2      | Noticed a worker ant
   332 | D:2      | Killed a worker ant
   332 | D:2      | Reached XP level 2. HP: 7/22 MP: 3/5
   332 | D:2      | Reached XP level 3. HP: 9/27 MP: 3/6
   338 | D:2      | Learned a level 2 spell: Shroud of Golubria
   567 | D:4      | Found a sand-covered staircase.
   594 | D:4      | Noticed bmj180's ghost (amateur MiFi)
   597 | Ossuary  | Entered an ossuary
   621 | Ossuary  | Reached skill level 4 in Polearms
   621 | Ossuary  | Reached skill level 1 in Translocations
   621 | Ossuary  | Reached XP level 4. HP: 18/33 MP: 4/7
   645 | Ossuary  | Learned a level 2 spell: Song of Slaying
   763 | Ossuary  | Reached skill level 5 in Polearms
   763 | Ossuary  | Reached skill level 5 in Charms
   763 | Ossuary  | Reached XP level 5. HP: 38/38 MP: 0/8
   858 | Ossuary  | Learned a level 3 spell: Spectral Weapon
   871 | Ossuary  | Reached skill level 1 in Hexes
   880 | Ossuary  | Reached XP level 6. HP: 40/44 MP: 5/9
   937 | Ossuary  | Reached skill level 6 in Polearms
  1270 | D:3      | Reached skill level 7 in Polearms
  1429 | D:4      | Found a hazy altar of Hepliaklqana.
  1460 | D:5      | Entered Level 5 of the Dungeon
  1489 | D:5      | Reached skill level 8 in Polearms
  1489 | D:5      | Reached XP level 7. HP: 29/50 MP: 6/10
  1589 | D:5      | Reached skill level 9 in Polearms
  1797 | D:5      | Reached skill level 10 in Polearms
  1821 | D:6      | Found a glowing silver altar of Zin.
  1859 | D:5      | Noticed 1994's ghost (novice GnSk)
  1859 | D:5      | Reached XP level 8. HP: 37/56 MP: 2/11
  1880 | D:4      | Learned a level 3 spell: Regeneration
  2012 | D:4      | Found a blossoming altar of Fedhas.
  2103 | D:4      | Found Sapuf's Assorted Antiques.
  2130 | D:4      | Bought a wooden wand for 92 gold pieces
  2131 | D:4      | Bought a scroll labeled NIRAKK LALI for 23 gold pieces
  2131 | D:4      | Bought a scroll labeled UNIOFE ETHONOTZ for 23 gold pieces
  2131 | D:4      | Bought a scroll labeled MOUH YC HOUQ for 23 gold pieces
  2131 | D:4      | Bought a scroll labeled OTUNOOSS UTZAA for 23 gold pieces
  2131 | D:4      | Bought a glowing silvery potion for 20 gold pieces
  2275 | D:4      | Found a staircase to the Ecumenical Temple.
  2284 | Temple   | Entered the Ecumenical Temple
  2323 | Temple   | Became a worshipper of Cheibriados the Contemplative
  2464 | D:5      | Killed 1994's ghost
  2541 | D:6      | Reached skill level 11 in Polearms
  2628 | D:7      | Reached XP level 9. HP: 53/66 MP: 2/12
  2666 | D:7      | Found a runed door.
  2671 | D:7      | Noticed Crazy Yiuf
  2674 | D:7      | Killed Crazy Yiuf
  2712 | D:8      | Noticed a two-headed ogre
  2717 | D:8      | Killed a two-headed ogre
  2717 | D:8      | Reached skill level 12 in Polearms
  2752 | D:8      | Reached * piety under Cheibriados
  2810 | D:8      | Reached skill level 13 in Polearms
  2817 | D:8      | Noticed Grum
  2830 | D:8      | Killed Grum
  2853 | D:8      | Reached skill level 14 in Polearms
  2873 | D:8      | Learned a level 1 spell: Animate Skeleton
  3109 | D:8      | Reached skill level 1 in Armour
  3109 | D:8      | Reached XP level 10. HP: 25/73 MP: 8/13
  3175 | D:8      | Noticed a two-headed ogre
  3179 | D:8      | Killed a two-headed ogre
  3179 | D:8      | Reached skill level 5 in Fighting
  3221 | D:9      | Reached ** piety under Cheibriados
  3275 | D:8      | Reached skill level 5 in Dodging
  3634 | D:10     | Entered Level 10 of the Dungeon
  3707 | D:10     | Found a staircase to the Lair.
  3756 | D:9      | Noticed a two-headed ogre
  3759 | D:9      | Noticed a two-headed ogre
  3765 | D:9      | Killed a two-headed ogre
  3841 | D:9      | Killed a two-headed ogre
  3958 | D:10     | Noticed Urug
  4134 | D:10     | Reached skill level 1 in Invocations
  4159 | D:10     | Reached XP level 11. HP: 86/86 MP: 8/14
  4212 | D:10     | Reached *** piety under Cheibriados
  4241 | D:11     | Noticed Xelenos's ghost (journeyman TeSk)
  4358 | D:10     | Killed Urug
  4710 | D:12     | Noticed Erolcha
  4719 | D:12     | Killed Erolcha
  4719 | D:12     | Reached skill level 15 in Polearms
  4868 | D:12     | Reached **** piety under Cheibriados
  4935 | D:12     | Reached skill level 16 in Polearms
  4976 | D:12     | Noticed a two-headed ogre
  4982 | D:12     | Killed a two-headed ogre
  5152 | D:12     | Killed an unseen horror
  5190 | D:12     | Reached skill level 17 in Polearms
  5214 | D:11     | Noticed a skeletal warrior
  5230 | D:12     | Killed a skeletal warrior
  5230 | D:12     | Reached XP level 12. HP: 83/94 MP: 6/15
  5299 | D:12     | Reached ***** piety under Cheibriados
  5500 | D:11     | Reached skill level 18 in Polearms
  5555 | D:11     | Killed Xelenos's ghost
  5700 | D:11     | Found a staircase to the Orcish Mines.
  5714 | Orc:1    | Entered Level 1 of the Orcish Mines
  5714 | Orc:1    | Noticed an orc warlord
  5717 | Orc:1    | Noticed Nergalle
  5728 | D:11     | Killed Nergalle
  5830 | D:11     | Reached skill level 5 in Invocations
  5868 | D:11     | Noticed Snorg
  5878 | D:11     | Killed Snorg
  5968 | Lair:1   | Entered Level 1 of the Lair of Beasts
  5972 | Lair:1   | Reached skill level 19 in Polearms
  6036 | Lair:1   | Found a labyrinth entrance.
  6052 | Lab      | Entered a labyrinth
  6440 | Lab      | Noticed a minotaur
  6449 | Lab      | Killed a minotaur
  6458 | Lab      | Identified the Handbook of Torrid Toxins
  6459 | Lab      | Got a faintly glowing dire flail
  6459 | Lab      | Got a steaming flail
  6459 | Lab      | Got a twisted chain mail
  6459 | Lab      | Got a twisted large shield
  6490 | Lab      | Identified the +3 chain mail "Jism" {rElec MP+9 Int-5} (You found it in a labyrinth)
  6527 | Lab      | Identified the +8 large shield "Qeluq" {MR++ Regen+ Str-4 Dex+3} (You found it in a labyrinth)
  6529 | Lab      | Identified the +3 flail "Fuaddeng" {venom, rF+ rC+ Int+2} (You found it in a labyrinth)
  6535 | Lab      | Identified the +4 dire flail "Widowmaker" {drain, rF- MR++ Str+4} (You found it in a labyrinth)
  6634 | Lair:2   | Reached XP level 13. HP: 99/99 MP: 18/18
  7051 | Lair:3   | Reached skill level 20 in Polearms
  7110 | Lair:3   | Found a dark tunnel.
  7119 | Lair:3   | Reached ****** piety under Cheibriados
  7124 | Volcano  | Entered a volcano
  7212 | Volcano  | Reached skill level 10 in Dodging
  7600 | Lair:3   | Found a staircase to the Snake Pit.
  7860 | D:11     | Killed an orc warlord
  7953 | Orc:1    | Noticed Harold
  8033 | Orc:1    | Killed Harold
  8033 | Orc:1    | Reached skill level 10 in Invocations
  8081 | Orc:1    | Noticed Erica
  8101 | Orc:1    | Killed Erica
  8178 | Orc:2    | Entered Level 2 of the Orcish Mines
  8223 | Orc:1    | Noticed Josephine
  8233 | Orc:1    | Killed Josephine
  8233 | Orc:1    | Reached XP level 14. HP: 80/109 MP: 21/21
  8498 | Orc:2    | Found a staircase to the Elven Halls.
  8564 | Orc:2    | Found a roughly hewn altar of Beogh.
  8740 | Orc:2    | Reached skill level 10 in Fighting
  8777 | Orc:2    | Paralysed by an orc sorcerer for 5 turns
  8816 | Orc:2    | Found Jemanumn's Book Shop.
  8833 | Orc:2    | Found Etrots's Antique Weapon Boutique.
  8854 | Orc:2    | Found an ancient bone altar of Kikubaaqudgha.
  8902 | Orc:2    | Found Gumeomod's Magic Scroll Shop.
  8919 | Orc:2    | Found a radiant altar of Vehumet.
  8955 | Orc:2    | Found a roughly hewn altar of Beogh.
  8960 | Orc:2    | Found Allumeha's Magic Scroll Shop.
  8991 | Orc:2    | Bought a scroll of teleportation for 45 gold pieces
  8991 | Orc:2    | Bought a scroll of blinking for 112 gold pieces
  9007 | Orc:2    | Bought a scroll of summoning for 152 gold pieces
  9007 | Orc:2    | Bought a scroll of teleportation for 48 gold pieces
  9273 | D:13     | Found a gate to the Vaults.
  9309 | D:14     | Noticed Frances
  9319 | D:14     | Killed Frances
  9393 | D:14     | Found a blossoming altar of Fedhas.
  9432 | D:14     | Found a runed door.
  9445 | D:14     | Reached skill level 5 in Spellcasting
  9466 | D:14     | Found Hojunel's Magic Scroll Shoppe.
  9472 | D:14     | Bought a scroll of teleportation for 36 gold pieces
  9472 | D:14     | Bought a scroll of teleportation for 36 gold pieces
  9472 | D:14     | Bought a scroll of fog for 24 gold pieces
  9480 | D:14     | Found an ornate altar of the Wu Jian Council.
  9492 | D:15     | Entered Level 15 of the Dungeon
  9575 | D:15     | Noticed Kirke
  9589 | D:15     | Killed Kirke
  9708 | D:15     | Noticed Rupert
  9728 | D:15     | Paralysed by Rupert for 3 turns
  9749 | D:15     | Paralysed by Rupert for 3 turns
  9754 | D:15     | Killed Rupert
  9840 | D:14     | Noticed Agrougrou's ghost (journeyman OgSk)
  9873 | D:14     | Killed Agrougrou's ghost
  9873 | D:14     | Reached XP level 15. HP: 91/117 MP: 27/27
 10210 | Lair:4   | Found a staircase to the Shoals.
 10224 | Shoals:1 | Entered Level 1 of the Shoals
 10228 | Shoals:1 | Found Reguih's Armour Shoppe.
 10329 | Shoals:1 | Found Vuck's Distillery.
 10350 | Shoals:1 | Bought a potion of heal wounds for 80 gold pieces
 10359 | Shoals:1 | Found Jacsouna's Jewellery Emporium.
 10415 | Shoals:2 | Reached skill level 10 in Spellcasting
 10670 | Shoals:1 | Found Higotorch's Antique Armour Boutique.
 10724 | Shoals:1 | Found Uqeys's Jewellery Shop.
 10960 | Shoals:3 | Noticed Nikola
 11134 | Shoals:3 | Noticed Bai Suzhen
 11213 | Shoals:3 | Reached XP level 16. HP: 109/125 MP: 32/32
 11242 | Shoals:4 | Entered Level 4 of the Shoals
 11426 | Shoals:3 | Killed Nikola
 11484 | Shoals:3 | Killed Bai Suzhen
 11747 | Shoals:4 | Got an ichor-stained hand crossbow
 11763 | Shoals:4 | Identified the cursed +1 hand crossbow "Osukah" {penet, +Inv rPois rN+} (You found it on level 4 of the Shoals)
 11787 | Shoals:4 | Reached skill level 15 in Dodging
 11835 | Shoals:4 | Got a brightly glowing buckler
 11836 | Shoals:4 | Identified the +1 buckler "Jeigerghio" {Regen+ Str+8 Stlth-} (You took it off a merfolk on level 4 of the Shoals)
 11971 | Shoals:4 | Noticed Ilsuiw
 11980 | Shoals:4 | Noticed Polyphemus
 12002 | Shoals:4 | Slain by Polyphemus

Skill      XL: |  1  2  3  4  5  6  7  8  9 10 11 12 13 14 15 16 |
---------------+-------------------------------------------------+-----
Charms         | 4 5 7 8 9 |  9.3
Polearms       | 4 5 8 10 11 14 17 19 20 | 20.0
Translocations | 1 |  1.2
Hexes          | 2 |  2.0
Fighting       | 4 8 9 10 11 13 | 13.1
Necromancy     | 2 |  2.8
Dodging        | 3 8 9 11 12 13 15 | 15.4
Armour         | 1 2 4 |  4.3
Invocations    | 1 4 7 10 | 10.0
Spellcasting   | 8 12 | 12.1

Action                   |  1- 3 |  4- 6 |  7- 9 | 10-12 | 13-15 | 16-18 || total
-------------------------+-------+-------+-------+-------+-------+-------++-------
Melee: Spear             |    24 |       |       |       |       |       ||    24
       Hand axe          |    36 |     5 |    77 |     2 |       |       ||   120
       Trident           |    10 |   146 |   149 |   175 |       |       ||   480
       Glaive            |       |       |       |   295 |   877 |   237 ||  1409
       Tailslap          |       |       |       |     7 |     9 |    33 ||    49
Throw: Tomahawk          |       |       |       |     1 |       |       ||     1
       Javelin           |       |       |       |     1 |       |       ||     1
 Cast: Infusion          |     6 |     5 |       |       |       |       ||    11
       Shroud of Golubri |     4 |    13 |    22 |    24 |    14 |       ||    77
       Spectral Weapon   |       |     6 |    12 |    36 |    56 |    10 ||   120
       Song of Slaying   |       |       |     3 |     5 |     8 |       ||    16
       Regeneration      |       |       |     2 |    36 |    72 |    16 ||   126
       Animate Skeleton  |       |       |     2 |       |       |       ||     2
Invok: Slouch            |       |       |       |       |     6 |     3 ||     9
       Temporal Distorti |       |       |       |       |     1 |     1 ||     2
Evoke: Wand              |       |       |     1 |     6 |    30 |    18 ||    55
       Phial of floods   |       |       |       |     2 |     1 |       ||     3
       Lightning rod     |       |       |       |       |     6 |       ||     6
       Lamp of fire      |       |       |       |       |       |     2 ||     2
  Use: Scroll            |       |       |     7 |    15 |    19 |     4 ||    45
       Potion            |       |       |     1 |     1 |     5 |     1 ||     8
 Stab: Sleeping          |       |     2 |     2 |     2 |       |       ||     6
       Distracted        |       |       |     3 |     7 |    10 |     3 ||    23
  Eat: Chunk             |       |     1 |    10 |    16 |    19 |     3 ||    49
       Ration            |       |     1 |       |     2 |       |       ||     3
Armor: Leather armour    |    12 |    19 |    53 |     1 |       |       ||    85
       Skin              |       |       |     5 |    12 |       |       ||    17
       Ring mail         |       |       |       |    20 |       |       ||    20
       Scale mail        |       |       |       |    71 |    10 |       ||    81
       Chain mail        |       |       |       |       |   171 |    13 ||   184
       Ice dragon scales |       |       |       |       |     6 |    48 ||    54
Dodge: Dodged            |    34 |    56 |   110 |   274 |   661 |   291 ||  1426
